 Dungeon Crawl Stone Soup version 0.30-a0-591-g3c58d2bc28 (webtiles) character file.

Game seed: 15749323610879609676

2 flotson the Sneak (level 1, -1/18 HPs)
             Began as a Demonspawn Delver on Jan 5, 2023.
             Slain by an orc
             ... wielding a +0 flail
              (3 damage)
             ... on level 3 of the Dungeon.
             The game lasted 00:01:11 (197 turns).

flotson the Sneak (Demonspawn Delver)                Turns: 197, Time: 00:01:11

Health: -1/18      AC:  5    Str: 12    XL:     1   Next: 33%
Magic:  1/1        EV: 10    Int: 11    God:
Gold:   13         SH:  0    Dex: 14    Spells: 0/0 levels left

rFire   . . .      SeeInvis .    a - +0 hand axe
rCold   . . .      Faith    .    (no shield)
rNeg    . . .      Spirit   .    i - +0 ring mail
rPois   .          Reflect  .    (no helmet)
rElec   .          Harm     .    (no cloak)
rCorr   .          Rampage  .    (no gloves)
Will    .....                    (no boots)
Stlth   ++                       (no amulet)
HPRegen 0.23/turn                (no ring)
MPRegen 0.07/turn                (no ring)

@: no status effects
A: no striking features
a: no special abilities


You were on level 3 of the Dungeon.
You visited 1 branch of the dungeon, and saw 3 of its levels.

You collected 13 gold pieces.

Inventory:

Hand Weapons
 a - a +0 hand axe (weapon)
Armour
 i - a +0 ring mail (worn)
Wands
 g - a wand of digging (3)
Scrolls
 b - a scroll of summoning {unknown}
 c - a scroll of fog
 e - a scroll of fear
Potions
 f - a potion of haste
 h - a potion of mutation {unknown}


   Skills:
 + Level 3.0 Fighting
 + Level 1.8 Axes
 + Level 0.1 Armour
 + Level 1.8 Dodging
 + Level 4.5 Stealth
 + Level 0.1 Evocations


You couldn't memorise any spells.
You didn't know any spells.
Your spell library was empty.

Dungeon Overview and Level Annotations

Branches:
Dungeon (5/15)
 Temple: D:4-7

Altars:


Message History

The orc priest looks braver for a moment.
The orc priest looks encouraged for a moment.
Found 8 gold pieces.
Found a long bronze wand.
A hobgoblin comes into view.
Found 4 stones.
The howler monkey hoots and howls with incredible vigour!
You hear a shout!
An orc comes into view. It is wielding a +0 flail.
An orc comes into view. It is wielding a +0 hand axe.
An orc comes into view. It is wielding a +0 club.
An orc comes into view. It is wielding a +0 club.
A quokka comes into view.
The orc completely misses you.
The howler monkey hoots and howls with incredible vigour!
You hear a shout! x2
The orc attacks as you move away! The orc closely misses you.
The orc attacks as you move away! The orc closely misses you.
The orc priest begins to cast a cantrip, but forgets the words!
Found a scroll labelled CUUC GORITYGH.
The orc attacks as you move away! The orc hits you with a +0 flail.
Found a short glowing staff.
Found a ring mail.
A dart slug comes into view.
You see here a scroll labelled CUUC GORITYGH.
b - a scroll labelled CUUC GORITYGH The orc barely misses you.
The orc attacks as you move away! The orc hits you with a +0 flail.
The dart slug barely misses you. The orc attacks as you move away!
The orc barely misses you.
Found a stone staircase leading up.
The dart slug closely misses you. The orc attacks as you move away!
The orc hits you with a +0 flail.
* * * LOW HITPOINT WARNING * * *
There is a stone staircase leading up here.
The orc hits you with a +0 flail.
* * * LOW HITPOINT WARNING * * *
You climb upwards.
There is a stone staircase leading down here.
You barely miss the orc. The orc hits you with a +0 flail.
You die...

... ..# ...#
... # ## ..#
###.##. #..
.......#.###.#.
......o@.......
....####.###.##
. ... .....
######


You could see an orc.

Vanquished Creatures
  An endoplasm (D:4)
  A quokka (D:5)
2 creatures vanquished.

Notes
Turn   | Place    | Note
-------+----------+-------------------------------------------
     0 | D:5      | flotson the Demonspawn Delver began the quest for the Orb.
     0 | D:5      | Reached XP level 1. HP: 18/18 MP: 1/1
    38 | D:5      | Noticed a jelly
    63 | D:5      | Noticed an orc wizard
    63 | D:5      | Noticed an orc wizard
    65 | D:5      | Noticed an iguana
   131 | D:4      | Noticed a howler monkey
   144 | D:4      | Noticed an orc priest
   197 | D:3      | Slain by an orc

Illustrated notes

Levels and vault maps discovered:
D:3:      layout_loops_ring, fedhas_altar_2, serial_shops, shop, minmay_unequal,
          uniq_ijyb
D:4:      layout_loops_ring, grunt_ministairs_2, minivault_24
D:5:      layout_basic, minmay_misc_feat_roman,
          minmay_a_box_with_orc_wizards_in_it

Action                   || total
-------------------------++-------
Melee: Hand axe          ||     6
  Use: Scroll            ||     1
 Stab: Sleeping          ||     1
Armor: Leather armour    ||     2
Dodge: Dodged            ||     9

Table legend: (Time is in decaauts)
 A = Elapsed time spent in this place.
 B = Non-inter-level travel time spent in this place.
 C = Inter-level travel time spent in this place.
 D = Time resting spent in this place.
 E = Time spent auto-exploring this place.
 F = Levels seen in this place.
 G = Mean time per level.
                   A        B        C        D        E       F      G
               +--------+--------+--------+--------+--------+-----+--------+
         Total |    197 |    197 |      0 |      0 |     48 |   3 |   65.7 |
       Dungeon |    197 |    197 |      0 |      0 |     48 |   3 |   65.7 |
               +--------+--------+--------+--------+--------+-----+--------+

Top non-repeatable levels by time:
     D:5: 107 daAuts
     D:4: 89 daAuts
     D:3: 0 daAuts
